 Dungeon Crawl Stone Soup version 0.29.1-4-g47bece8355 (webtiles) character file.

Game seed: 14654425380268306122

564 iamoutofideas the Cleaver (level 7, -1/61 HPs)
             Began as a Hill Orc Gladiator on Dec 8, 2022.
             Slain by a mummy (14 damage)
             ... in an ossuary.
             The game lasted 00:03:34 (4772 turns).

iamoutofideas the Cleaver (Hill Orc Gladiator)      Turns: 4772, Time: 00:03:34

Health: -1/61      AC:  7    Str: 19    XL:     7   Next: 32%
Magic:  7/7        EV: 11    Int:  8    God:
Gold:   174        SH:  0    Dex: 12    Spells: 6/6 levels left

rFire   . . .      SeeInvis .   a - +1 war axe
rCold   . . .      Faith    .   (no shield)
rNeg    . . .      Spirit   .   w - +0 ring mail
rPois   +          Reflect  .   c - +0 helmet
rElec   .          Harm     .   (no cloak)
rCorr   .          Rampage  .   g - +0 pair of gloves
Will    .....                   (no boots)
Stlth   +.........              (no amulet)
HPRegen 0.20/turn               p - ring of poison resistance
MPRegen 0.10/turn               (no ring)

@: no status effects
A: no striking features
a: no special abilities


You were in an ossuary.
You visited 2 branches of the dungeon, and saw 6 of its levels.
You also visited: Ossuary.

You collected 174 gold pieces.

Inventory:

Hand Weapons
 a - a +1 war axe (weapon)
Missiles
 d - 4 throwing nets (quivered)
 e - a javelin
 m - 5 atropa-tipped darts
Armour
 b - a +0 leather armour
 c - a +0 helmet (worn)
 g - a +0 pair of gloves (worn)
 o - a +0 scale mail
 w - a +0 ring mail (worn)
Jewellery
 p - a ring of poison resistance (left hand)
 q - a ring of fire
 x - a ring of protection from fire
Wands
 s - a wand of light (9)
 D - a wand of mindburst (13)
 E - a wand of roots (9)
Scrolls
 f - a scroll of teleportation {unknown}
 k - a scroll of magic mapping
 n - a scroll of enchant weapon
 u - a scroll of amnesia
 y - a scroll of fog
 B - a scroll of poison {unknown}
 C - a scroll of brand weapon {unknown}
Potions
 h - a potion of resistance
 i - 2 potions of might
 l - a potion of haste
 r - 2 potions of curing {unknown}
 t - a potion of flight {unknown}
 v - a potion of attraction {unknown}
 z - 2 potions of brilliance {unknown}
 A - 2 potions of mutation {unknown}
 F - a potion of invisibility {unknown}


   Skills:
 - Level 5.0 Fighting
 + Level 9.0 Axes
 - Level 1.9 Throwing
 + Level 2.1 Armour
 - Level 2.4 Dodging


You had 6 spell levels left.
You didn't know any spells.
Your spell library was empty.

Dungeon Overview and Level Annotations

Branches:
Dungeon (5/15)             Temple (1/1) D:4         Ossuary (1/1)

Altars:
Cheibriados
Dithmenos
Elyvilon
Hepliaklqana
Kikubaaqudgha
Makhleb
Okawaru
Ru
Sif Muna
Trog
Vehumet
Wu Jian
Xom
Yredelemnul
The Shining One

Annotations:
D:2 1 runed translucent door, Crazy Yiuf


Message History

You destroy the hobgoblin zombie!
The mummy hits you! The mummy misses you.
A hobgoblin zombie comes into view.
You hit the mummy.
The mummy is lightly damaged.
You slash the mummy! You hit the hobgoblin zombie.
A kobold zombie comes into view.
The hobgoblin zombie closely misses you.
The mummy hits you but does no damage. The mummy hits you!
You are too injured to fight recklessly!
You are too injured to fight recklessly!
Unknown command.
You are too injured to fight recklessly!
Unknown command.
You are too injured to fight recklessly!
You barely miss the mummy. You punch the mummy.
The mummy is severely damaged.
You hit the hobgoblin zombie. You hit the mummy.
You slash the hobgoblin zombie!
You destroy the hobgoblin zombie!
The hobgoblin zombie hits you but does no damage.
A hobgoblin zombie comes into view.
Unknown command.
You slash the mummy!
You destroy the mummy!
You hit the mummy. You hit the hobgoblin zombie.
You destroy the hobgoblin zombie!
You slash the mummy!
The mummy is moderately damaged.
You slash the mummy! The mummy hits you.
Unknown command.
Unknown command.
You slash the mummy!
You destroy the mummy!
You hit the mummy. x2; The mummy hits you!
* * * LOW HITPOINT WARNING * * *
Your life force feels restored. 2 mummies come into view.
The mummy hits you!
You die...

.. #### M.. ..M
##..## ....
...##....##....
...............
....Z..........
..............#
#.ZZ.....#
#...@M.#
##.M..## #....#
#....# #....#
#....# #....#
#....# #....#


You could see 4 mummies, 2 hobgoblin zombies and a kobold zombie.

Vanquished Creatures
  2 necrophages (D:5)
  A scorpion (D:4)
  An orc priest (D:4)
  Jessica (D:2)
  Natasha (thrice) (D:2)
  3 orc wizards (D:4)
  2 mummies (Ossuary)
  3 gnolls (D:4)
  2 adders
  3 worms
  4 dart slugs
  15 orcs
  5 endoplasms
  6 giant cockroaches
  4 goblins
  5 hobgoblins
  8 jackals
  4 kobolds
  A quokka (D:1)
  6 ball pythons
  6 bats
  4 hobgoblin zombies (Ossuary)
  An orc zombie (Ossuary)
  8 rats
98 creatures vanquished.

Notes
Turn   | Place    | Note
-------+----------+-------------------------------------------
     0 | D:1      | iamoutofideas the Hill Orc Gladiator began the quest for
                  | the Orb.
     0 | D:1      | Reached XP level 1. HP: 18/18 MP: 1/1
   389 | D:1      | Reached XP level 2. HP: 21/25 MP: 2/2
   758 | D:1      | Found a faded altar of an unknown god.
  1400 | D:2      | Noticed Natasha
  1408 | D:2      | Killed Natasha
  1409 | D:2      | Reached skill level 5 in Axes
  1409 | D:2      | Reached XP level 3. HP: 15/31 MP: 3/3
  1610 | D:2      | Noticed Natasha
  1619 | D:2      | Killed Natasha
  1620 | D:2      | Reached XP level 4. HP: 20/40 MP: 4/4
  2075 | D:2      | Noticed Jessica
  2085 | D:2      | Killed Jessica
  2408 | D:2      | Found a runed translucent door.
  2409 | D:2      | Noticed Crazy Yiuf
  2485 | D:2      | Noticed Natasha
  2492 | D:2      | Killed Natasha
  2493 | D:2      | Reached skill level 6 in Axes
  2493 | D:2      | Reached XP level 5. HP: 31/47 MP: 5/5
  3242 | D:3      | Reached skill level 5 in Fighting
  3473 | D:4      | Reached skill level 7 in Axes
  3473 | D:4      | Reached XP level 6. HP: 34/56 MP: 6/6
  3773 | D:4      | Found a staircase to the Ecumenical Temple.
  3784 | Temple   | Entered the Ecumenical Temple
  4130 | D:4      | Reached skill level 8 in Axes
  4500 | D:5      | Entered Level 5 of the Dungeon
  4527 | D:5      | Reached skill level 1 in Armour
  4527 | D:5      | Reached XP level 7. HP: 42/61 MP: 7/7
  4594 | D:5      | Found a sand-covered staircase.
  4608 | D:5      | Reached skill level 9 in Axes
  4752 | Ossuary  | Entered an ossuary
  4772 | Ossuary  | Slain by a mummy

Illustrated notes

Levels and vault maps discovered:
D:1:      dpeg_arrival_rhombus, layout_loops_ring,
          shapermc_ecumenical_altar_mp_highgroup
D:2:      layout_loops_ring, minivault_19, uniq_natasha, uniq_jessica,
          uniq_crazy_yiuf_cottage
D:3:      layout_basic, nicolae_figureground_sparkle
D:4:      layout_cave_pools, minmay_temple_entry_butterflies,
          corexii_checkpoint_b
D:5:      layout_cave_pods, nicolae_ossuary_entry_monument
Temple:   regret_index_temple_generic_petals
Ossuary:  ossuary_tomb_3

Skill      XL: |  1  2  3  4  5  6  7 |
---------------+----------------------+-----
Fighting       | 3 4 5 |  5.0
Axes           | 5 6 7 8 9 |  9.0
Armour         | 1 2 |  2.1
Throwing       | |  1.9
Dodging        | |  2.4

Action                   |  1- 3 |  4- 6 |  7- 9 || total
-------------------------+-------+-------+-------++-------
Melee: War axe           |    76 |   168 |    42 ||   286
       Punch             |     1 |     3 |     2 ||     6
  Use: Scroll            |       |     7 |       ||     7
Armor: Leather armour    |    32 |    19 |       ||    51
       Ring mail         |       |    61 |    13 ||    74
Dodge: Dodged            |    60 |    95 |    26 ||   181
